[Event "DVM U10 2024"]
[Site "Duesseldorf"]
[Date "2024.12.27"]
[Round "1"]
[White "Liu, Yichen"]
[Black "Krupp, Jonathan"]
[Result "1-0"]
[ECO "C44"]
[WhiteElo "1500"]
[BlackElo "941"]
[Annotator "NA RC"]
[PlyCount "103"]
[EventDate "2024.12.23"]
[EventType "team-tourn"]
[EventRounds "7"]
[EventCountry "GER"]
[SourceTitle "playchess.com"]
[Source "ChessBase"]
[SourceQuality "1"]
[TimeControl "3300+5"]

1. e4 e5 2. Nf3 Nc6 3. d4 Bd6 4. d5 Nce7 5. Nc3 Nf6 6. Bg5 Ng6 7. Bd3 h6 8. Be3 b6 9. O-O O-O 10. Qe2 a6 11. Nd2 Qe7 12. Nb3 Qd8 13. h3 Re8 14. Rfe1 Bb7 15. a4 a5 16. Nb5 Bb4 17. Bd2 Nf4 18. Qd1 Nxd3 19. cxd3 Bxd2 20. Qxd2 c6 21. Nd6 Rf8 22. Nxb7 Qc7 23. dxc6 Qxc6 24. N7xa5 bxa5 25. Nxa5 Qb6 26. Nc4 Qc7 27. Rec1 Qb8 28. Qc3 d6 29. f3 Rc8 30. Qa3 Ne8 31. Qc3 Qa7+ 32. Kh1 Qb8 33. Qd2 Rc6 34. Kh2 Qd8 35. b3 Rac8 36. Ne3 Nf6 37. Rxc6 Rxc6 38. Rc1 Rb6 39. Qc3 Rb8 40. a5 Ra8 41. b4 Qd7 42. Nc4 Rb8 43. Nb6 Qb5 44. Qc4 Qe8 45. Qc6 Qe6 46. a6 Qa2 47. b5 Qa5 48. Nd5 Nxd5 49. exd5 Rxb5 50. a7 Rb6 51. a8=Q+ Rb8 52. Qxa5 1-0

[Event "DVM U10 2024"]
[Site "Duesseldorf"]
[Date "2024.12.27"]
[Round "1"]
[White "Hu, Yinuo"]
[Black "Ahmadov, Ahmad"]
[Result "0-1"]
[ECO "C90"]
[WhiteElo "1495"]
[BlackElo "1663"]
[Annotator "NA RC"]
[PlyCount "50"]
[EventDate "2024.12.23"]
[EventType "team-tourn"]
[EventRounds "7"]
[EventCountry "GER"]
[SourceTitle "playchess.com"]
[Source "ChessBase"]
[SourceQuality "1"]
[TimeControl "3300+5"]

1. e4 e5 2. Nf3 Nc6 3. Bb5 a6 4. Ba4 Nf6 5. d3 b5 6. Bb3 d6 7. c3 Be7 8. Nbd2 O-O 9. O-O Bb7 10. Re1 Qd7 11. Nf1 Na5 12. Bc2 c5 13. Ng3 Rfe8 14. Bd2 Bf8 15. Bg5 Qe6 16. Qd2 h6 17. Be3 Ng4 18. c4 Nxe3 19. fxe3 Nc6 20. Bb3 b4 21. d4 Na5 22. d5 Qd7 23. Nf5 g6 24. Ng3 Nxb3 25. axb3 a5 0-1

[Event "DVM U10 2024"]
[Site "Duesseldorf"]
[Date "2024.12.27"]
[Round "1"]
[White "Huang, Flora Yueya"]
[Black "Jiang, Lucas"]
[Result "1-0"]
[ECO "A34"]
[WhiteElo "1481"]
[BlackElo "2261"]
[Annotator "RC"]
[PlyCount "99"]
[EventDate "2024.12.23"]
[EventType "team-tourn"]
[EventRounds "7"]
[EventCountry "GER"]
[SourceTitle "playchess.com"]
[Source "ChessBase"]
[SourceQuality "1"]
[TimeControl "3300+5"]

1. d4 Nf6 2. c4 c5 3. Nf3 Nc6 4. Nc3 e6 5. Bf4 d5 6. e3 Bd6 7. Bxd6 Qxd6 8. dxc5 Qxc5 9. cxd5 Nxd5 10. Nxd5 exd5 11. a3 O-O 12. Bd3 Bg4 13. h3 Bh5 14. O-O Bg6 15. Bxg6 fxg6 16. Rc1 Qd6 17. Qb3 Na5 18. Qb5 b6 19. Rfd1 Rf5 20. b4 a6 21. Qd3 Nc6 22. e4 Ne5 23. Nxe5 Rxe5 24. f4 Ree8 25. Qxd5+ Qxd5 26. exd5 Rf8 27. g3 Rad8 28. Rc6 Rf6 29. d6 Rb8 30. Rc7 Rf7 31. d7 Rd8 32. Rd6 a5 33. b5 Kf8 34. Rxb6 Rfxd7 35. Rxd7 Rxd7 36. Ra6 Rb7 37. Rxa5 Ke7 38. a4 Kd6 39. Kf2 Kc5 40. Ra6 Rd7 41. b6 Rb7 42. a5 Kc6 43. Ra8 h6 44. Kf3 h5 45. Rc8+ Kb5 46. Rc7 Ka6 47. Rxb7 Kxb7 48. Ke4 Kc6 49. Ke5 Kb7 50. Ke6 1-0

[Event "DVM U10 2024"]
[Site "Duesseldorf"]
[Date "2024.12.27"]
[Round "1"]
[White "Graf, Tom"]
[Black "Pereira, Jefferson Luis de S."]
[Result "1-0"]
[ECO "C55"]
[WhiteElo "1456"]
[BlackElo "1932"]
[Annotator "RC"]
[PlyCount "59"]
[EventDate "2024.12.23"]
[EventType "team-tourn"]
[EventRounds "7"]
[EventCountry "GER"]
[SourceTitle "playchess.com"]
[Source "ChessBase"]
[SourceQuality "1"]
[TimeControl "3300+5"]

1. e4 e5 2. Nf3 Nc6 3. Bc4 Nf6 4. Nc3 Nxe4 5. Nxe4 d5 6. Bd3 f5 7. Bb5 fxe4 8. Nxe5 Bd6 9. Qh5+ g6 10. Nxg6 hxg6 11. Qxh8+ Bf8 12. h4 Qe7 13. h5 g5 14. h6 Bf5 15. Qc3 Qd7 16. Bxc6 bxc6 17. Qe5+ Be7 18. h7 Bxh7 19. Rxh7 Qd6 20. Rh8+ Kd7 21. Qxd6+ cxd6 22. Rxa8 Ke6 23. Rxa7 g4 24. d3 Bh4 25. dxe4 dxe4 26. Be3 g3 27. fxg3 Bxg3+ 28. Ke2 c5 29. Ra6 Ke5 30. Rd1 1-0

[Event "DVM U10 2024"]
[Site "Duesseldorf"]
[Date "2024.12.27"]
[Round "1"]
[White "Aslanov, Kamran"]
[Black "Nikolic, Luka"]
[Result "0-1"]
[ECO "B13"]
[WhiteElo "1451"]
[BlackElo "1579"]
[Annotator "NA RC"]
[PlyCount "100"]
[EventDate "2024.12.23"]
[EventType "team-tourn"]
[EventRounds "7"]
[EventCountry "GER"]
[SourceTitle "playchess.com"]
[Source "ChessBase"]
[SourceQuality "1"]
[TimeControl "3300+5"]

1. e4 c6 2. d4 d5 3. exd5 cxd5 4. Nf3 Nc6 5. Nc3 Nf6 6. h3 Bf5 7. Bf4 e6 8. a3 Bd6 9. Bxd6 Qxd6 10. Bb5 a6 11. Ba4 O-O 12. O-O Rac8 13. Qd2 Ne4 14. Qd1 Nxc3 15. bxc3 b5 16. Bb3 Na5 17. Qd2 Qc6 18. c4 Nxc4 19. Qe2 Na5 20. Rac1 Qd6 21. a4 bxa4 22. Bxa4 Qa3 23. Ra1 Qc3 24. Rac1 Qb4 25. Ra1 Nc4 26. Rfb1 Qd6 27. Rf1 Be4 28. Bb3 Bxf3 29. Qxf3 Nd2 30. Qe2 Nxf1 31. Rxf1 a5 32. Rc1 Qb4 33. Rb1 a4 34. Bxd5 Qxb1+ 35. Kh2 exd5 36. Qf3 Rfd8 37. g3 Rxc2 38. h4 Qa2 39. Kg2 Rxf2+ 40. Qxf2 Qxf2+ 41. Kxf2 a3 42. Ke2 a2 43. Kf3 a1=Q 44. h5 Qxd4 45. h6 Qe4+ 46. Kf2 d4 47. hxg7 d3 48. Kg1 d2 49. g4 Qe2 50. g5 d1=Q# 0-1

[Event "DVM U10 2024"]
[Site "Duesseldorf"]
[Date "2024.12.27"]
[Round "1"]
[White "Essers, Mathilda Marie"]
[Black "von Gehlen, Samuel"]
[Result "0-1"]
[ECO "D02"]
[WhiteElo "1435"]
[BlackElo "1459"]
[Annotator "NA RC"]
[PlyCount "56"]
[EventDate "2024.12.23"]
[EventType "team-tourn"]
[EventRounds "7"]
[EventCountry "GER"]
[SourceTitle "playchess.com"]
[Source "ChessBase"]
[SourceQuality "1"]
[TimeControl "3300+5"]

1. d4 d5 2. Bf4 e6 3. e3 c5 4. c3 Nc6 5. Nf3 Qb6 6. Qb3 Qxb3 7. axb3 cxd4 8. cxd4 Nf6 9. Be2 Bb4+ 10. Nbd2 Ne4 11. Rd1 Na5 12. O-O Nxd2 13. Nxd2 Bxd2 14. Rxd2 Nxb3 15. Rdd1 Na5 16. h3 O-O 17. Bd6 Re8 18. Bb5 Nc6 19. Rc1 Bd7 20. b4 a6 21. Bxc6 Bxc6 22. Bh2 a5 23. bxa5 Rxa5 24. Rfe1 h6 25. Rb1 b5 26. Rec1 Rc8 27. Rc5 Ra4 28. Rbxb5 Ra1+ 0-1

[Event "DVM U10 2024"]
[Site "Duesseldorf"]
[Date "2024.12.27"]
[Round "1"]
[White "Benischke, Moritz"]
[Black "Hahn, David"]
[Result "1-0"]
[ECO "A84"]
[WhiteElo "1421"]
[BlackElo "1887"]
[Annotator "NA RC"]
[PlyCount "51"]
[EventDate "2024.12.23"]
[EventType "team-tourn"]
[EventRounds "7"]
[EventCountry "GER"]
[SourceTitle "playchess.com"]
[Source "ChessBase"]
[SourceQuality "1"]
[TimeControl "3300+5"]

1. d4 d5 2. c4 e6 3. Nc3 f5 4. cxd5 exd5 5. Nf3 c6 6. Bf4 Nf6 7. e3 Bd6 8. Bxd6 Qxd6 9. Bd3 O-O 10. O-O Ne4 11. Ne5 Nd7 12. f3 Nxc3 13. bxc3 Nxe5 14. dxe5 Qxe5 15. Qd2 f4 16. e4 d4 17. Bc4+ Kh8 18. cxd4 Rd8 19. Rfd1 Qh5 20. Qxf4 h6 21. Qc7 Rd7 22. Qf4 b5 23. Qf8+ Kh7 24. Be6 Rc7 25. Bg8+ Kh8 26. Bf7+ 1-0

[Event "DVM U10 2024"]
[Site "Duesseldorf"]
[Date "2024.12.27"]
[Round "1"]
[White "Wittenberger, Henri"]
[Black "Dres, Friedrich"]
[Result "1-0"]
[ECO "B01"]
[WhiteElo "1421"]
[BlackElo "1123"]
[Annotator "NA"]
[PlyCount "21"]
[EventDate "2024.12.23"]
[EventType "team-tourn"]
[EventRounds "7"]
[EventCountry "GER"]
[SourceTitle "playchess.com"]
[Source "ChessBase"]
[SourceQuality "1"]
[TimeControl "3300+5"]

1. e4 d5 2. exd5 Qxd5 3. Nc3 Qa5 4. d4 c6 5. Nf3 Nf6 6. Bd2 Qc7 7. Ne5 Nbd7 8. Bf4 Qb6 9. Nc4 Qd8 10. Qe2 Nd5 11. Nd6# 1-0

[Event "DVM U10 2024"]
[Site "Duesseldorf"]
[Date "2024.12.27"]
[Round "1"]
[White "Lüttgen, Jona"]
[Black "Shandi, Hasan"]
[Result "1-0"]
[ECO "C50"]
[WhiteElo "1412"]
[BlackElo "1153"]
[Annotator "NA RC"]
[PlyCount "55"]
[EventDate "2024.12.23"]
[EventType "team-tourn"]
[EventRounds "7"]
[EventCountry "GER"]
[SourceTitle "playchess.com"]
[Source "ChessBase"]
[SourceQuality "1"]
[TimeControl "3300+5"]

1. e4 e5 2. Nf3 Nc6 3. Bc4 h6 4. c3 Nf6 5. O-O d6 6. d4 Bg4 7. Qb3 Qd7 8. dxe5 Na5 9. Bxf7+ Kd8 10. Qa3 Qxf7 11. exf6 Nc4 12. Qb3 Bxf3 13. gxf3 Qg6+ 14. Kh1 Qxf6 15. f4 Nb6 16. a4 a5 17. Be3 Ra6 18. Rd1 Kc8 19. c4 Qe6 20. Nd2 Be7 21. Rac1 Rf8 22. Rc3 Qd7 23. c5 dxc5 24. Nc4 Qe6 25. Nd6+ Kd7 26. Nxb7+ Nd5 27. Rxd5+ Kc6 28. Qb5# 1-0

[Event "DVM U10 2024"]
[Site "Duesseldorf"]
[Date "2024.12.27"]
[Round "1"]
[White "Fabritius, Wolf"]
[Black "Roessling, Johannes"]
[Result "0-1"]
[ECO "C45"]
[WhiteElo "1405"]
[BlackElo "1618"]
[Annotator "NA RC"]
[PlyCount "120"]
[EventDate "2024.12.23"]
[EventType "team-tourn"]
[EventRounds "7"]
[EventCountry "GER"]
[SourceTitle "playchess.com"]
[Source "ChessBase"]
[SourceQuality "1"]
[TimeControl "3300+5"]

1. e4 e5 2. Nf3 Nc6 3. d4 exd4 4. Nxd4 Bc5 5. Be3 Qf6 6. c3 Nge7 7. Bc4 Ne5 8. Bb3 d6 9. h3 O-O 10. O-O Qg6 11. h4 Bh3 12. Bg5 h6 13. gxh3 hxg5 14. hxg5 Qxg5+ 15. Kh1 Qh4 16. Kh2 Qf4+ 17. Kg2 Qxe4+ 18. f3 Qg6+ 19. Kf2 Qd3 20. Qxd3 Nxd3+ 21. Ke3 Ne5 22. Kd2 Bxd4 23. cxd4 N5c6 24. d5 Ne5 25. Nc3 Nf5 26. f4 Ng6 27. Nb5 a6 28. Na3 Rfe8 29. Rf3 Nd4 30. Rf2 Ne7 31. Rg1 Nxb3+ 32. axb3 Nxd5 33. Rfg2 g6 34. f5 Kh7 35. fxg6+ fxg6 36. Rxg6 Rg8 37. Rxg8 Rxg8 38. Rxg8 Kxg8 39. Nc4 Kf7 40. Na5 b6 41. Nc6 Ke6 42. h4 Ne7 43. Nd4+ Ke5 44. Nf3+ Kf4 45. Ke2 Kg4 46. Nd4 Kxh4 47. Ne6 c5 48. Nc7 a5 49. Kd3 Kg4 50. Kc4 Kf5 51. Nb5 Ke5 52. Nc3 d5+ 53. Kd3 d4 54. Ne2 Nd5 55. Nc1 Nb4+ 56. Kd2 Ke4 57. Ne2 Nd3 58. Kc2 Ke3 59. Ng3 Nb4+ 60. Kd1 Nd3 0-1

[Event "DVM U10 2024"]
[Site "Duesseldorf"]
[Date "2024.12.27"]
[Round "1"]
[White "Glaser-Gallion, Ludwig"]
[Black "Liu, Jonas"]
[Result "0-1"]
[ECO "B30"]
[WhiteElo "1358"]
[BlackElo "1690"]
[Annotator "NA RC"]
[PlyCount "66"]
[EventDate "2024.12.23"]
[EventType "team-tourn"]
[EventRounds "7"]
[EventCountry "GER"]
[SourceTitle "playchess.com"]
[Source "ChessBase"]
[SourceQuality "1"]
[TimeControl "3300+5"]

1. e4 c5 2. Nf3 Nc6 3. Nc3 g6 4. Bb5 Nd4 5. Nxd4 cxd4 6. Ne2 Bg7 7. d3 Qa5+ 8. Qd2 Qxb5 9. b3 e5 10. Bb2 Nf6 11. h3 d5 12. f3 a5 13. a4 Qb4 14. Qxb4 axb4 15. g4 dxe4 16. fxe4 Bxg4 17. hxg4 Nxg4 18. Bc1 Rc8 19. Ra2 h5 20. Ng1 Rc6 21. Nf3 Ke7 22. Nh2 f5 23. exf5 gxf5 24. Nxg4 hxg4 25. Bg5+ Ke6 26. Rg1 Bf6 27. Bxf6 Kxf6 28. Kf2 Rh2+ 29. Rg2 Rxg2+ 30. Kxg2 f4 31. Kf2 g3+ 32. Kf3 Kf5 33. Rb2 Rc3 0-1

[Event "DVM U10 2024"]
[Site "Duesseldorf"]
[Date "2024.12.27"]
[Round "1"]
[White "Michelson, Nathan"]
[Black "von Flottwell, Lionel"]
[Result "0-1"]
[ECO "C44"]
[WhiteElo "1198"]
[BlackElo "1597"]
[Annotator "NA RC"]
[PlyCount "44"]
[EventDate "2024.12.23"]
[EventType "team-tourn"]
[EventRounds "7"]
[EventCountry "GER"]
[SourceTitle "playchess.com"]
[Source "ChessBase"]
[SourceQuality "1"]
[TimeControl "3300+5"]

1. e4 e5 2. Nf3 Nc6 3. c3 d5 4. exd5 Qxd5 5. d4 Bg4 6. c4 Qd7 7. h3 Bxf3 8. Qxf3 Nxd4 9. Qe4 O-O-O 10. Bd3 Nf6 11. Qe3 e4 12. O-O exd3 13. Qxd3 Re8 14. Be3 Nf3+ 15. gxf3 Qxd3 16. Nc3 Rxe3 17. fxe3 Qxe3+ 18. Kh1 Nh5 19. Rfe1 Qxf3+ 20. Kh2 Bd6+ 21. Kg1 Nf4 22. Re2 Nxh3# 0-1

[Event "DVM U10 2024"]
[Site "Duesseldorf"]
[Date "2024.12.27"]
[Round "1"]
[White "Klaus, Simon"]
[Black "Wilting, Oskar"]
[Result "0-1"]
[ECO "B21"]
[WhiteElo "1197"]
[BlackElo "1454"]
[Annotator "NA RC"]
[PlyCount "112"]
[EventDate "2024.12.23"]
[EventType "team-tourn"]
[EventRounds "7"]
[EventCountry "GER"]
[SourceTitle "playchess.com"]
[Source "ChessBase"]
[SourceQuality "1"]
[TimeControl "3300+5"]

1. e4 c5 2. d4 cxd4 3. c3 dxc3 4. Nxc3 e6 5. Bf4 a6 6. Nf3 Nc6 7. Bc4 Be7 8. O-O b5 9. Bb3 Bb7 10. Re1 Qb6 11. a3 Na5 12. Rc1 Bc5 13. Be3 Bxe3 14. Rxe3 Nf6 15. e5 Ng4 16. Re2 Bc6 17. h3 Bxf3 18. gxf3 Nh6 19. Rd2 Nf5 20. Rxd7 Nxb3 21. Rc2 Nfd4 22. Rxd4 Nxd4 23. Rd2 Rd8 24. Ne4 Nf5 25. Kg2 Rxd2 26. Qxd2 Qd4 27. Qc2 O-O 28. b4 Qe3 29. Qb2 Nh4+ 30. Kf1 Qd3+ 31. Qe2 Qxe2+ 32. Kxe2 Nf5 33. Nc5 Nd4+ 34. Kd3 Nxf3 35. Ke4 Ng5+ 36. Ke3 Nxh3 37. Nxa6 Ra8 38. Nc7 Rxa3+ 39. Ke2 Rb3 40. Na6 h5 41. f3 Nf4+ 42. Kf2 h4 43. Kg1 Rb2 44. Nc5 h3 45. Ne4 h2+ 46. Kh1 Nh5 47. f4 Re2 48. f5 Rxe4 49. Kxh2 Rxb4 50. fxe6 fxe6 51. Kh3 Rc4 52. Kg2 b4 53. Kf2 b3 54. Ke2 b2 55. Kd2 b1=Q 56. Ke3 Qb3+ 0-1

[Event "DVM U10 2024"]
[Site "Duesseldorf"]
[Date "2024.12.27"]
[Round "1"]
[White "Stentrup, Levi"]
[Black "Wüstenberg, Jan"]
[Result "1-0"]
[ECO "B94"]
[WhiteElo "1185"]
[BlackElo "1221"]
[Annotator "NA RC"]
[PlyCount "121"]
[EventDate "2024.12.23"]
[EventType "team-tourn"]
[EventRounds "7"]
[EventCountry "GER"]
[SourceTitle "playchess.com"]
[Source "ChessBase"]
[SourceQuality "1"]
[TimeControl "3300+5"]

1. e4 c5 2. Nf3 d6 3. d4 cxd4 4. Nxd4 Nf6 5. Nc3 a6 6. Bg5 e5 7. Nf3 Be7 8. Bc4 Nbd7 9. O-O b5 10. Bb3 Bb7 11. Nd5 Nxd5 12. Bxd5 Bxd5 13. Bxe7 Qxe7 14. Qxd5 O-O 15. Rad1 Nf6 16. Qxd6 Qxd6 17. Rxd6 Nxe4 18. Rd5 Rac8 19. Rxe5 Nf6 20. c3 Ng4 21. Re4 Nf6 22. Rd4 a5 23. a4 Rfd8 24. axb5 Rxd4 25. Nxd4 Rb8 26. Ra1 Re8 27. Nf3 Rd8 28. b6 Nd7 29. Rxa5 Nxb6 30. Nd4 Nc4 31. Rb5 Ra8 32. g3 Kf8 33. Nc6 Ke8 34. b4 Kd7 35. Ne5+ Nxe5 36. Rxe5 Kd6 37. Re1 Ra3 38. Re3 Ra1+ 39. Kg2 Kd5 40. Re7 Kc4 41. Rc7+ Kb3 42. b5 Ka4 43. Ra7+ Kxb5 44. Rxa1 Kc4 45. Ra7 g6 46. Rxf7 h5 47. Rg7 Kxc3 48. Rxg6 Kd4 49. Re6 Kd5 50. Re1 Kd4 51. f4 h4 52. f5 hxg3 53. f6 gxh2 54. f7 h1=Q+ 55. Kxh1 Kd3 56. f8=Q Kd2 57. Re7 Kd3 58. Qd8+ Kc4 59. Rc7+ Kb3 60. Qb8+ Ka2 61. Ra7# 1-0

[Event "DVM U10 2024"]
[Site "Duesseldorf"]
[Date "2024.12.27"]
[Round "1"]
[White "Zentgraf, Raphael"]
[Black "von Gehlen, Elian"]
[Result "0-1"]
[ECO "D02"]
[WhiteElo "1175"]
[BlackElo "1464"]
[Annotator "NA RC"]
[PlyCount "130"]
[EventDate "2024.12.23"]
[EventType "team-tourn"]
[EventRounds "7"]
[EventCountry "GER"]
[SourceTitle "playchess.com"]
[Source "ChessBase"]
[SourceQuality "1"]
[TimeControl "3300+5"]

1. d4 d5 2. Nf3 e6 3. c3 c5 4. e3 Nc6 5. Nbd2 cxd4 6. exd4 Nf6 7. Be2 Bd6 8. Nb3 a6 9. O-O b5 10. Be3 b4 11. c4 dxc4 12. Bxc4 O-O 13. Qc2 Bb7 14. Rad1 Ne7 15. Bg5 Bxf3 16. gxf3 Nf5 17. Kh1 h6 18. Bc1 Rc8 19. Qe2 Bxh2 20. Bxa6 Rc6 21. Kxh2 Qd6+ 22. Qe5 Rxa6 23. Qxd6 Nxd6 24. Rg1 Kh7 25. a3 bxa3 26. bxa3 Nc4 27. Nc5 Ra5 28. Nb3 Ra7 29. Rg2 Nxa3 30. Rdg1 g6 31. Nc5 Nc2 32. Be3 Rd8 33. Nb3 Ra3 34. Rb1 Rb8 35. Nd2 Rxb1 36. Nxb1 Rd3 37. Kh3 Nxe3 38. fxe3 Rxe3 39. Rf2 h5 40. Kg3 Ne4+ 41. Kf4 Nxf2 42. Kxe3 Nh3 43. f4 Kg7 44. Ke4 Kf6 45. Nd2 g5 46. fxg5+ Kxg5 47. Nf3+ Kf6 48. Ne5 Nf2+ 49. Kf3 Nh3 50. Kg3 Ng1 51. Kf2 Nh3+ 52. Kg3 Ng5 53. Kh4 Kf5 54. Kxh5 f6 55. Nc6 Kf4 56. Kg6 f5 57. Ne7 Kg4 58. Nxf5 exf5 59. d5 f4 60. d6 f3 61. d7 Ne6 62. Kf6 Nd8 63. Ke7 Nb7 64. d8=Q Nxd8 65. Kxd8 f2 0-1

[Event "DVM U10 2024"]
[Site "Duesseldorf"]
[Date "2024.12.27"]
[Round "1"]
[White "Gerhardt, Noah"]
[Black "Baskurt, Ayaz"]
[Result "1/2-1/2"]
[ECO "B13"]
[WhiteElo "1140"]
[BlackElo "903"]
[Annotator "NA RC"]
[PlyCount "67"]
[EventDate "2024.12.23"]
[EventType "team-tourn"]
[EventRounds "7"]
[EventCountry "GER"]
[SourceTitle "playchess.com"]
[Source "ChessBase"]
[SourceQuality "1"]
[TimeControl "3300+5"]

1. e4 c6 2. Nc3 d5 3. exd5 cxd5 4. d4 Bf5 5. Bb5+ Nc6 6. Nf3 e6 7. Ne5 Nge7 8. Nxc6 Nxc6 9. O-O Bb4 10. Ne2 O-O 11. Ng3 a6 12. Bxc6 bxc6 13. Nxf5 exf5 14. c3 Bd6 15. Qf3 Qh4 16. g3 Qf6 17. Re1 Rfe8 18. Be3 Rab8 19. Rab1 h6 20. c4 dxc4 21. Qxc6 f4 22. Bxf4 Rxe1+ 23. Rxe1 Bxf4 24. Qxf6 gxf6 25. gxf4 Rxb2 26. Rc1 Rxa2 27. Rxc4 a5 28. d5 Rd2 29. Rc8+ Kg7 30. Rd8 a4 31. d6 a3 32. d7 a2 33. Ra8 Rd1+ 34. Kg2 1/2-1/2

[Event "DVM U10 2024"]
[Site "Duesseldorf"]
[Date "2024.12.27"]
[Round "1"]
[White "Balla, Virinchi"]
[Black "Kissel, Joshua"]
[Result "1-0"]
[ECO "B01"]
[WhiteElo "1123"]
[BlackElo "1140"]
[Annotator "NA RC"]
[PlyCount "82"]
[EventDate "2024.12.23"]
[EventType "team-tourn"]
[EventRounds "7"]
[EventCountry "GER"]
[SourceTitle "playchess.com"]
[Source "ChessBase"]
[SourceQuality "1"]
[TimeControl "3300+5"]

1. e4 d5 2. exd5 Nf6 3. Bc4 Nxd5 4. Nf3 Nc6 5. d3 Bg4 6. h3 Bd7 7. Bxd5 Bf5 8. Bxc6+ bxc6 9. Nc3 Rb8 10. Bf4 Rxb2 11. Ne5 Bd7 12. O-O f6 13. Nc4 Rb4 14. a3 Rb7 15. Qf3 e5 16. Be3 Bd6 17. Na5 Rb6 18. Bxb6 cxb6 19. Nxc6 Qc7 20. Nb4 Qxc3 21. Qa8+ Qc8 22. Qxa7 Qc7 23. Qxc7 Bxc7 24. Rab1 Ke7 25. Nd5+ Kd6 26. Nxb6 Kc6 27. Nxd7 Kxd7 28. Rfd1 Ke6 29. d4 exd4 30. Rxd4 Be5 31. Re4 f5 32. Ree1 Rc8 33. f4 Rxc2 34. fxe5 Ra2 35. Rb6+ Kf7 36. e6+ Ke7 37. Rb7+ Ke8 38. e7 g5 39. Rb8+ Kf7 40. e8=Q+ Kf6 41. Re6+ Kg7 1-0

[Event "DVM U10 2024"]
[Site "Duesseldorf"]
[Date "2024.12.27"]
[Round "1"]
[White "Goyush, Shams"]
[Black "Golnik, Rasmus"]
[Result "0-1"]
[ECO "C42"]
[WhiteElo "1122"]
[BlackElo "1087"]
[Annotator "NA RC"]
[PlyCount "146"]
[EventDate "2024.12.23"]
[EventType "team-tourn"]
[EventRounds "7"]
[EventCountry "GER"]
[SourceTitle "playchess.com"]
[Source "ChessBase"]
[SourceQuality "1"]
[TimeControl "3300+5"]

1. e4 e5 2. Nf3 Nf6 3. Nxe5 d6 4. Nf3 Nxe4 5. d4 d5 6. Bd3 Bf5 7. Qe2 Be7 8. O-O O-O 9. Re1 Re8 10. Nbd2 Bf6 11. c4 c6 12. Kh1 Nd7 13. Qf1 h6 14. Re2 Re7 15. Qe1 Qe8 16. b4 Nxd2 17. Rxe7 Qxe7 18. Qxe7 Bxe7 19. Bxf5 Nxf3 20. gxf3 Nf6 21. cxd5 Nxd5 22. a3 a5 23. Bb2 axb4 24. axb4 Rxa1+ 25. Bxa1 Bxb4 26. Kg1 Kf8 27. Kf1 Ke7 28. Ke2 Kd6 29. Kd3 g6 30. Bh3 f5 31. Bb2 b6 32. Bf1 c5 33. dxc5+ bxc5 34. Kc4 Nb6+ 35. Kb3 Kd5 36. f4 h5 37. Bg2+ Kd6 38. Be5+ Ke6 39. h3 h4 40. Bf3 g5 41. Bc7 Nd5 42. Bb8 gxf4 43. Kc4 Nb6+ 44. Kb3 Nd7 45. Bxf4 Ne5 46. Bxe5 Kxe5 47. Be2 Kd4 48. f3 Ke3 49. Bd1 Kf2 50. Bc2 f4 51. Bd1 Kg3 52. Be2 Kxh3 53. Bf1+ Kg3 54. Be2 h3 55. Bd1 h2 56. Be2 h1=Q 57. Kc4 Qc1+ 58. Kb5 c4 59. Bxc4 Kxf3 60. Kxb4 Qxc4+ 61. Kxc4 Ke2 62. Kd4 f3 63. Kc5 f2 64. Kc6 f1=Q 65. Kb5 Qc1 66. Kb6 Kd3 67. Kb7 Kd4 68. Kb6 Kd5 69. Kb5 Qb1+ 70. Ka6 Kc5 71. Ka7 Kc6 72. Ka8 Kc7 73. Ka7 Qb7# 0-1

[Event "DVM U10 2024"]
[Site "Duesseldorf"]
[Date "2024.12.27"]
[Round "1"]
[White "Sander, Bela"]
[Black "Vignesh Bama, Dev"]
[Result "0-1"]
[ECO "C50"]
[WhiteElo "1117"]
[BlackElo "1633"]
[Annotator "NA RC"]
[PlyCount "60"]
[EventDate "2024.12.23"]
[EventType "team-tourn"]
[EventRounds "7"]
[EventCountry "GER"]
[SourceTitle "playchess.com"]
[Source "ChessBase"]
[SourceQuality "1"]
[TimeControl "3300+5"]

1. e4 e5 2. Nf3 Nc6 3. Bc4 Bc5 4. d3 Nf6 5. Bg5 h6 6. Bh4 g5 7. Bg3 d6 8. h4 g4 9. Nh2 Qe7 10. Nc3 Be6 11. Bxe6 Qxe6 12. Qe2 Nd4 13. Qd2 h5 14. f4 O-O-O 15. O-O-O Bb4 16. a3 Bxc3 17. Qxc3 Ne2+ 18. Kd2 Nxc3 19. bxc3 exf4 20. Bxf4 d5 21. exd5 Rxd5 22. Rde1 Ne4+ 23. Kc1 Qf5 24. dxe4 Qxf4+ 25. Kb2 Rb5+ 26. Ka2 g3 27. Nf3 Rd8 28. e5 Qa4 29. Rc1 Qc4+ 30. Ka1 Qxc3+ 0-1

[Event "DVM U10 2024"]
[Site "Duesseldorf"]
[Date "2024.12.27"]
[Round "1"]
[White "Naveen, Yuvaan"]
[Black "Artarov, Rina"]
[Result "0-1"]
[ECO "D00"]
[WhiteElo "1110"]
[BlackElo "1122"]
[Annotator "NA RC"]
[PlyCount "166"]
[EventDate "2024.12.23"]
[EventType "team-tourn"]
[EventRounds "7"]
[EventCountry "GER"]
[SourceTitle "playchess.com"]
[Source "ChessBase"]
[SourceQuality "1"]
[TimeControl "3300+5"]

1. d4 Nf6 2. Bf4 d5 3. e3 c5 4. c3 Qb6 5. Qb3 Bf5 6. Nd2 e6 7. Qxb6 axb6 8. Bxb8 Rxb8 9. Bb5+ Nd7 10. Ngf3 Be7 11. Ne5 Rd8 12. Nxd7 Rxd7 13. Bxd7+ Kxd7 14. Nf3 Rc8 15. Ne5+ Ke8 16. f4 g5 17. g3 gxf4 18. exf4 Be4 19. Rf1 cxd4 20. cxd4 f6 21. Nf3 Rc2 22. Rf2 Bb4+ 23. Kf1 Rc4 24. a3 Bd6 25. Nd2 Bd3+ 26. Kg1 Rxd4 27. Nf3 Ra4 28. Kg2 Be4 29. b4 Bxb4 30. Rfa2 Bc3 31. Rc1 d4 32. Kf2 Bd5 33. Re2 Rxa3 34. Rd1 Bb3 35. Rb1 d3 36. Re3 Bc2 37. Rc1 d2 38. Nxd2 Bd4 39. Nc4 Rc3 40. Nd6+ Ke7 41. Nf5+ Bxf5 42. Rcxc3 Bxe3+ 43. Kxe3 Kd6 44. Kd4 h6 45. Kc4 e5 46. fxe5+ fxe5 47. Kb5 e4 48. Kxb6 Ke5 49. Rc5+ Kf6 50. Rc3 Kg5 51. Re3 Kg4 52. Kxb7 Kh3 53. Re2 Bg4 54. Re3 Kxh2 55. Kc6 Bf3 56. Kd5 Kxg3 57. Ke5 h5 58. Re1 h4 59. Rg1+ Kf2 60. Rg8 Bg2 61. Rxg2+ Kxg2 62. Kxe4 h3 63. Kd4 h2 64. Kd5 h1=Q 65. Kd4 Qe1 66. Kd3 Qf2 67. Ke4 Qg3 68. Kf5 Qh4 69. Ke5 Qg4 70. Kf6 Qh5 71. Ke6 Qg5 72. Kf7 Qh6 73. Ke7 Qg6 74. Kf8 Qh7 75. Ke8 Qg7 76. Kd8 Qf7 77. Kc8 Qe7 78. Kb8 Qd7 79. Ka8 Kf3 80. Kb8 Ke4 81. Ka8 Kd5 82. Kb8 Kc6 83. Ka8 Qb7# 0-1

[Event "DVM U10 2024"]
[Site "Duesseldorf"]
[Date "2024.12.27"]
[Round "1"]
[White "Tschötsch, Hugo"]
[Black "Möller, Lia Sofie"]
[Result "1-0"]
[ECO "D25"]
[WhiteElo "1110"]
[BlackElo "829"]
[Annotator "NA RC"]
[PlyCount "33"]
[EventDate "2024.12.23"]
[EventType "team-tourn"]
[EventRounds "7"]
[EventCountry "GER"]
[SourceTitle "playchess.com"]
[Source "ChessBase"]
[SourceQuality "1"]
[TimeControl "3300+5"]

1. d4 d5 2. c4 dxc4 3. e3 Nf6 4. Bxc4 Bf5 5. Nf3 e6 6. O-O Bd6 7. Nc3 Nc6 8. Re1 h6 9. e4 Bh7 10. e5 Be7 11. exf6 Bxf6 12. Bb5 a6 13. Bxc6+ bxc6 14. d5 Qd6 15. dxe6 Qc5 16. Qd7+ Kf8 17. Qxf7# 1-0